 Dungeon Crawl Stone Soup version 0.30-a0-313-gae38170b09 (webtiles) character file.

Game seed: 10960316686464935551

150 Angani the Shield-Bearer (level 5, -1/37 HPs)
             Began as an Octopode Fighter on Oct 26, 2022.
             Was an Initiate of Hepliaklqana.
             Slain by a gnoll
             ... wielding a +0 spear
              (5 damage)
             ... on level 4 of the Dungeon.
             The game lasted 00:03:20 (2462 turns).

Angani the Shield-Bearer (Octopode Fighter)         Turns: 2462, Time: 00:03:21

Health: -1/37      AC:  1    Str: 15    XL:     5   Next: 32%
Magic:  5/5        EV: 13    Int: 11    God:    Hepliaklqana [......]
Gold:   183        SH:  5    Dex: 13    Spells: 4/4 levels left

rFire   . . .      SeeInvis .      - Unarmed
rCold   . . .      Faith    .    a - +0 buckler
rNeg    . . .      Spirit   .    (helmet restricted)
rPois   .          Reflect  .    (no amulet)
rElec   .          Harm     .    (no ring)
rCorr   .          Rampage  .    (no ring)
Will    .....                    (no ring)
Stlth   ++........               (no ring)
HPRegen 0.26/turn                (no ring)
MPRegen 0.09/turn                (no ring)
                                 (no ring)
                                 (no ring)

@: mighty
A: almost no armour, amphibious, 8 rings, camouflage 1, gelatinous body 1,
(nimble swimmer 1), tentacles
a: Renounce Religion


You were on level 4 of the Dungeon.
You worshipped Hepliaklqana.
Hepliaklqana was noncommittal.
You visited 1 branch of the dungeon, and saw 4 of its levels.

You collected 235 gold pieces.
You spent 52 gold pieces at shops.

Inventory:

Armour
 a - a +0 buckler (worn)
Scrolls
 c - a scroll of enchant armour {unknown}
 d - a scroll of enchant weapon {unknown}
 g - a scroll of identify {unknown}
 h - 3 scrolls of summoning {unknown}
 i - 2 scrolls of amnesia {unknown}
 m - a scroll of fear
 n - a scroll of teleportation {unknown}
 q - a scroll of silence {unknown}
 s - a scroll of poison {unknown}
 t - 2 scrolls of vulnerability {unknown}
Potions
 e - 2 potions of mutation {unknown}
 f - 2 potions of brilliance {unknown}
 j - a potion of degeneration {unknown}
 k - 2 potions of ambrosia {unknown}
 l - 2 potions of haste {unknown}
 o - 2 potions of lignification {unknown}
 p - 4 potions of flight {unknown}
 r - a potion of magic {unknown}
 u - a potion of heal wounds {unknown}


   Skills:
 + Level 3.8 Fighting
 + Level 3.9 Dodging
 + Level 3.9 Shields
 + Level 3.1 Unarmed Combat


You had 4 spell levels left.
You didn't know any spells.
Your spell library contained the following spells:

 Spells                   Type           Power      Damage    Failure   Level
 Magic Dart               Conj           0%         1d3       41%         1
 Searing Ray              Conj           0%         2d4       56%         2
 Fulminant Prism          Conj/Hex       0%         3d6       99%         4


Dungeon Overview and Level Annotations

Branches:
Dungeon (4/15)
 Temple: D:4-7

Altars:
Hepliaklqana

Shops:
D:2 *


Innate Abilities, Weirdness & Mutations

You cannot wear most types of armour.
You are amphibious.
You can wear up to eight rings at the same time.
Your skin changes colour to match your surroundings (Stealth+).
Your rubbery body absorbs attacks. (AC +1, EV +1)
((You are camouflaged when in or above water. (Stealth+)))
You have tentacles for arms and can constrict up to eight enemies at once.


Message History

You kill the goblin!
Key pressed, stopping explore.
No target in view!
No target in view!
You start resting.
HP restored.
A gnoll comes into view. It is wielding a +0 halberd.
A gnoll comes into view. It is wielding a +0 halberd.
The gnoll shouts!
You hear a shout!
A gnoll comes into view. It is wielding a +0 spear.
A gnoll comes into view. It is wielding a +0 whip.
The gnoll shouts!
You feel very mighty all of a sudden. The gnoll barely misses you.
The gnoll barely misses you.
The gnoll hits you from afar with a +0 halberd!
You closely miss the gnoll.
The gnoll shouts!
Your grab misses the gnoll. The gnoll misses you. The gnoll closely misses you.
You bludgeon the gnoll! You grab the gnoll.
The gnoll is heavily wounded.
You constrict the gnoll. The gnoll hits you with a +0 halberd.
The gnoll hits you from afar with a +0 halberd!
* * * LOW HITPOINT WARNING * * *
You tentacle-slap the gnoll. You squeeze the gnoll.
You kill the gnoll!
You block the gnoll's attack. The gnoll closely misses you.
You block the gnoll's attack.
Things that are here:
a +0 halberd; a gnoll corpse You barely miss the gnoll.
You grab the gnoll. You squeeze the gnoll!
The gnoll is almost dead.
You constrict the gnoll, but do no damage.
The gnoll closely misses you. x2
You bludgeon the gnoll!
You kill the gnoll!
The gnoll hits you from afar with a +0 spear.
* * * LOW HITPOINT WARNING * * *
The gnoll hits you with a +0 spear.
You die...

##.######
#....
#..#
#..##
#.##
#..## #.#
#####...#
#.#
#.......#
#.#
###......
#.#
#......
#)#
#......
#@#
###<...
#g#
#.......#
#g#
#......#[
#.#
#####...#
#.####
#..##
#....#...
#...
#.......#
##)#
##.######
#.. .#


You could see 2 gnolls.

Vanquished Creatures
  A hound (D:3)
  3 gnolls
  2 adders
  2 worms
  4 dart slugs
  An orc (D:4)
  8 ball pythons
  5 endoplasms
  A giant cockroach (D:1)
  6 goblins
  5 hobgoblins
  A jackal (D:2)
  3 kobolds
  3 quokkas (D:2)
  6 bats
  3 frilled lizards
  4 rats
58 creatures vanquished.

Notes
Turn   | Place    | Note
-------+----------+-------------------------------------------
     0 | D:1      | Angani the Octopode Fighter began the quest for the Orb.
     0 | D:1      | Reached XP level 1. HP: 16/16 MP: 1/1
   168 | D:1      | Reached XP level 2. HP: 21/21 MP: 2/2
   664 | D:2      | Reached XP level 3. HP: 23/26 MP: 3/3
   738 | D:2      | Found Dyffer's General Store.
   795 | D:2      | Bought a scroll of fear for 52 gold pieces
  1167 | D:2      | Reached XP level 4. HP: 29/31 MP: 4/4
  1949 | D:3      | Reached XP level 5. HP: 37/37 MP: 5/5
  2061 | D:3      | Found a hazy altar of Hepliaklqana.
  2071 | D:3      | Became a worshipper of Hepliaklqana the Forgotten
  2256 | D:4      | Noticed an ogre
  2462 | D:4      | Slain by a gnoll

Illustrated notes

Levels and vault maps discovered:
D:1:      erik_arrival_blinker_ship, layout_basic, due_unseen_surprise
D:2:      minmay_skewed_foursquare, layout_basic, serial_shops,
          nicolae_shop_statue_plus, minmay_domino_4
D:3:      layout_loops_ring, old_standard_altar
D:4:      layout_loops_ring, lemuel_blue_sif_altar, minmay_temple_entry_wispy,
          minivault_4, uniq_menkaure, uniq_ijyb

Skill      XL: |  1  2  3  4 |
---------------+-------------+-----
Unarmed Combat | 3 |  3.1
Fighting       | |  3.8
Dodging        | |  3.9
Shields        | |  3.9

Action                   |  1- 3 |  4- 6 || total
-------------------------+-------+-------++-------
Melee: Unarmed           |    66 |    62 ||   128
       Constrict         |    19 |    15 ||    34
       Tentacles         |    18 |    12 ||    30
       Punch             |     1 |       ||     1
  Use: Potion            |       |     1 ||     1
 Stab: Sleeping          |     8 |     6 ||    14
Armor: Skin              |     2 |     2 ||     4
Dodge: Dodged            |    23 |    39 ||    62
Block: Buckler           |    14 |     5 ||    19

Table legend: (Time is in decaauts)
 A = Elapsed time spent in this place.
 B = Non-inter-level travel time spent in this place.
 C = Inter-level travel time spent in this place.
 D = Time resting spent in this place.
 E = Time spent auto-exploring this place.
 F = Levels seen in this place.
 G = Mean time per level.
                   A        B        C        D        E       F      G
               +--------+--------+--------+--------+--------+-----+--------+
         Total |   2460 |   2390 |     70 |    207 |   1776 |   4 |  615.0 |
       Dungeon |   2460 |   2390 |     70 |    207 |   1776 |   4 |  615.0 |
               +--------+--------+--------+--------+--------+-----+--------+

Top non-repeatable levels by time:
     D:2: 884 daAuts
     D:3: 786 daAuts
     D:1: 612 daAuts
     D:4: 176 daAuts
